 Dungeon Crawl Stone Soup version 0.30-a0-802-gb92711bcdf (webtiles) character file.

Game seed: 3003439976148237933

125 IdlyInterested the Shield-Bearer (level 4, -2/35 HPs)
             Began as a Demonspawn Fighter on Feb 24, 2023.
             Slain by Edmund
             ... wielding a +2 flail of protection
              (4 damage)
             ... on level 4 of the Dungeon.
             The game lasted 00:07:29 (3178 turns).

IdlyInterested the Shield-Bearer (DsFi)             Turns: 3178, Time: 00:07:30

Health: -2/35      AC:  7    Str: 16    XL:     4   Next: 82%
Magic:  4/4        EV:  9    Int: 10    God:
Gold:   173        SH:  6    Dex: 14    Spells: 3/3 levels left

rFire   . . .      SeeInvis .    a - +1 long sword
rCold   . . .      Faith    .    c - +1 buckler
rNeg    . . .      Spirit   .    b - +0 scale mail
rPois   .          Reflect  .    (helmet restricted)
rElec   .          Harm     .    (no cloak)
rCorr   .          Rampage  .    o - +0 pair of gloves
Will    .....                    (no boots) Stlth
                                 (no amulet)
HPRegen 0.25/turn                (no ring)
MPRegen 0.09/turn                (no ring)

@: mighty
A: antennae 2
a: no special abilities


You were on level 4 of the Dungeon.
You visited 2 branches of the dungeon, and saw 5 of its levels.

You collected 173 gold pieces.

Inventory:

Hand Weapons
 a - a +1 long sword (weapon)
 g - a +1 dagger of electrocution
 p - a +1 dagger of freezing
 q - a +0 falchion
Missiles
 e - 31 stones (quivered)
Armour
 b - a +0 scale mail (worn)
 c - a +1 buckler (worn)
 o - a +0 pair of gloves (worn)
Scrolls
 i - 2 scrolls of teleportation {unknown}
 r - a scroll of fear {unknown}
Potions
 d - 2 potions of might
 f - a potion of cancellation
 h - 3 potions of curing
 j - 4 potions of heal wounds
 k - a potion of flight
 l - a potion of invisibility
 m - a potion of haste {unknown}
 n - a potion of mutation {unknown}
 s - a potion of attraction {unknown}
 t - a potion of berserk rage {unknown}


   Skills:
 - Level 3.0 Fighting
 + Level 2.8 Long Blades
 + Level 0.0 Throwing
 - Level 2.6 Armour
 - Level 2.0 Dodging
 - Level 1.0 Stealth
 * Level 3.7 Shields


You had 3 spell levels left.
You didn't know any spells.
Your spell library contained the following spells:

 Spells                   Type           Power      Damage    Failure   Level
 Summon Small Mammal      Summ           0%         N/A       87%         1
 Call Canine Familiar     Summ           0%         N/A       99%         3
 Frozen Ramparts          Ice            0%         1d1       99%         3
 Summon Guardian Golem    Hex/Summ       0%         N/A       99%         3
 Ice Form                 Ice/Tmut       0%         N/A       100%        4
 Summon Ice Beast         Ice/Summ       0%         N/A       100%        4


Dungeon Overview and Level Annotations

Branches:
Dungeon (4/15)             Temple (1/1) D:4

Altars:
Ashenzari
Gozag
Hepliaklqana
Makhleb
Nemelex Xobeh
Sif Muna
Vehumet
Wu Jian
Yredelemnul

Shops:
D:2 [

Annotations:
D:4 Edmund


Innate Abilities, Weirdness & Mutations

You have a pair of antennae on your head.


Message History

Edmund is lightly wounded.
The ufetubus closely misses you.
The ufetubus hits you but does no damage.
Edmund barely misses you.
The quokka bites you but does no damage.
The ufetubus barely misses you. x2
You slash Edmund!
Edmund is moderately wounded.
You block the ufetubus's attack. The ufetubus barely misses you.
Edmund closely misses you. The quokka completely misses you.
The ufetubus completely misses you.
The ufetubus hits you but does no damage.
Edmund hits you with a +2 flail of protection!
The quokka barely misses you.
You slash Edmund!
Edmund is heavily wounded.
The ufetubus barely misses you. The ufetubus hits you.
The quokka barely misses you.
Edmund hits you with a +2 flail of protection!
* * * LOW HITPOINT WARNING * * *
The ufetubus hits you.
* * * LOW HITPOINT WARNING * * *
The ufetubus barely misses you.
You hit Edmund.
Edmund is heavily wounded.
The quokka bites you but does no damage.
You block the ufetubus's attack. The ufetubus closely misses you.
You block Edmund's attack.
The quokka bites you but does no damage.
The ufetubus completely misses you.
The ufetubus hits you but does no damage.
You closely miss Edmund.
Edmund is heavily wounded.
Edmund hits you with a +2 flail of protection.
* * * LOW HITPOINT WARNING * * *
The ufetubus barely misses you.
The ufetubus hits you but does no damage.
The quokka closely misses you.
Edmund hits you with a +2 flail of protection.
You die...

######### ### ###.......#
#.. ####. #.......# #.#
#.... #.......# #.#
#....##.......###.#
#.<.....#.......... ...
..#.##......###.## .5.{
#r#..#............
.....###@#..#......##....
#....@5................
#..##.....#............
#.........##..###.##.#.
#...#.........# #.†....
#............#####.....
##.####..##.#...........
#..##....##.#####.......
#..##.##.##.# #......#.


You could see Edmund, an ufetubus and a quokka.

Vanquished Creatures
  3 adders
  3 gnolls (D:4)
  A worm (D:3)
  2 dart slugs
  4 orcs (D:4)
  5 bats
  4 endoplasms
  3 giant cockroaches
  6 goblins
  8 hobgoblins
  2 kobolds
  4 quokkas
  3 ball pythons
  3 frilled lizards
  5 rats
56 creatures vanquished.

Notes
Turn   | Place    | Note
-------+----------+-------------------------------------------
     0 | D:1      | IdlyInterested the Demonspawn Fighter began the quest for
                  | the Orb.
     0 | D:1      | Reached XP level 1. HP: 18/18 MP: 1/1
   155 | D:1      | Reached skill level 1 in Dodging
   155 | D:1      | Gained mutation: You have a pair of small antennae on your
                  | head. [demonic ancestry]
   155 | D:1      | Reached XP level 2. HP: 24/24 MP: 2/2
   256 | D:1      | Found a faded altar of an unknown god.
  1073 | D:2      | Found Xybun's Antique Armour Emporium.
  1237 | D:2      | Gained mutation: You have a pair of antennae on your head.
                  | [demonic ancestry]
  1237 | D:2      | Reached XP level 3. HP: 14/29 MP: 3/3
  2393 | D:4      | Found a staircase to the Ecumenical Temple.
  2404 | Temple   | Entered the Ecumenical Temple
  2537 | D:4      | Reached XP level 4. HP: 27/35 MP: 4/4
  2886 | D:4      | Found a broken altar of Ashenzari.
  3032 | D:4      | Reached skill level 1 in Stealth
  3167 | D:4      | Noticed Edmund
  3178 | D:4      | Slain by Edmund

Illustrated notes

Levels and vault maps discovered:
D:1:      lemuel_arrival_cross, layout_basic, dilly_ecumenical_altar_fadedgnrine
D:2:      layout_loops_corners, serial_shops, shop_fountains
D:3:      layout_rooms
D:4:      layout_basic, nicolae_overflow_crystal_walls,
          minmay_temple_entry_purple_smoke, uniq_edmund
Temple:   eino_temple_lava

Skill      XL: |  1  2  3  4 |
---------------+-------------+-----
Long Blades    | 2 |  2.8
Dodging        | 1 2 |  2.0
Shields        | 3 |  3.7
Stealth        | 1 |  1.0
Fighting       | |  3.0
Armour         | |  2.6

Action                     |  1- 3 |  4- 6 || total
---------------------------+-------+-------++-------
  Melee: Long sword        |   127 |    57 ||   184
    Use: Scroll            |     8 |     1 ||     9
         Potion            |     1 |     1 ||     2
 Armour: Scale mail        |    72 |    29 ||   101
  Dodge: Dodged            |    52 |    46 ||    98
  Block: Buckler           |    36 |    25 ||    61

Table legend: (Time is in decaauts)
 A = Elapsed time spent in this place.
 B = Non-inter-level travel time spent in this place.
 C = Inter-level travel time spent in this place.
 D = Time resting spent in this place.
 E = Time spent auto-exploring this place.
 F = Levels seen in this place.
 G = Mean time per level.
                   A        B        C        D        E       F      G
               +--------+--------+--------+--------+--------+-----+--------+
         Total |   3236 |   2903 |    333 |    210 |   2022 |   5 |  647.2 |
       Dungeon |   3160 |   2827 |    333 |    210 |   1957 |   4 |  790.0 |
        Temple |     75 |     75 |      0 |      0 |     65 |   1 |   75.0 |
               +--------+--------+--------+--------+--------+-----+--------+

Top non-repeatable levels by time:
     D:2: 1103 daAuts
     D:1: 773 daAuts
     D:4: 727 daAuts
     D:3: 556 daAuts
  Temple: 75 daAuts
